Unix xNetHack Version 7.1.0 - last build Dec 11 2022 15:18:36 (91bc4d2507b4b34ac92889b06d50a936f6bde808). Game began 2023-04-09 08:59:24, ended 2023-04-09 09:06:53. Anerag, chaotic female elven Priestess --- -- --.--- .--- |....-- ....- -- --.....| -..... --.--......| -.... |..........---.... |.........[..... --- ---..............- ..--- |....G...........| ......| ................----.......--- ...............|...........| .............G.......(.| -Q.................| ---- -------..............---- |..----..........)..-- .....| |<....%.----......--- --- | --------- |.......| |......-- ---...-- --.-- --- Anerag the Acolyte St:13 Dx:12 Co:13 In:16 Wi:11 Ch:11 Chaotic Dlvl:5 $:160 HP:0(30) Pw:33(33) AC:7 Exp:3 T:1088 Latest messages: Your leg feels better. In what direction? 6 Klunk! The pipes vibrate noisily. In what direction? 6 A black ooze gushes up from the drain! You miss the black pudding. The black pudding bites! Your skull cap corrodes! You pound the black pudding! Your copper mace corrodes! The black pudding bites! Your robe is not affected by corrosion. You hear Kinnegad cursing shoplifters. You see here an uncursed orange gem. Where do you want to travel to? (For instructions type a '?') h - an uncursed spellbook of healing (wielded) {35}. a - a blessed corroded +1 copper mace (alternate weapon; not wielded) {31}. In what direction? . You feel better. a - a blessed corroded +1 copper mace (weapon in hand) {31}. h - an uncursed spellbook of healing (alternate weapon; not wielded) {35}. You descend the stairs. What do you want to use or apply? [himq or ?*] l Sorry, I don't know how to use that. You hear a door open. You descend the stairs. You climb up the stairs. You see here an uncursed white spellbook. t - an uncursed white spellbook {50}. You descend the stairs. The gnome misses! You kill the gnome! There are two objects here. u - an uncursed scroll labeled ANDOVA BEGARIN {5}. The gnome picks up an uncursed gem. The gnome wields a cursed thonged club! The thonged club welds itself to the gnome's hand! The gnome swings her thonged club. The gnome clubs you! You recoil from the touch of iron! You kill the gnome! You see here a cursed thonged club. The gnome punches you! You miss the gnome. You kill the gnome! The gnome zaps a short wand! The wand hits you! You die... Do you want your possessions identified? [ynq] (y) q Major events: Turn 1: Anerag the chaotic elven Priestess entered the dungeon 609: attained the rank of Acolyte (level 3) 1057: entered the Gnomish Mines 1088: killed by a wand Inventory: Inventory: 346/700 weight (17/52 slots) Coins $ - 160 gold pieces {2} Weapons a - a blessed corroded +1 copper mace (weapon in hand) {31} Armor k - an uncursed corroded +0 orcish helm (being worn) {23} c - an uncursed +0 small shield (being worn) {23} b - an uncursed +0 robe (being worn) {12} Comestibles e - an uncursed clove of garlic {1} l - an uncursed food ration {20} s - an uncursed fortune cookie {1} f - an uncursed sprig of wolfsbane {1} Scrolls u - an uncursed scroll of teleportation {5} Spellbooks q - an uncursed spellbook of detect monsters {45} t - an uncursed spellbook of detect treasure {50} h - an uncursed spellbook of healing (alternate weapon; not wielded) {35} Potions d - 4 potions of holy water {80} Rings n - an uncursed ring of regeneration {3} Tools i - an uncursed bugle {10} m - an uncursed skeleton key {3} Gems/Stones p - an uncursed worthless piece of violet glass {1} Anerag the Priestess's attributes: Background: You were an Acolyte, a level 3 elven Priestess. You were chaotic, nominally on a mission for Set who was opposed by Mitra (lawful) and Crom (neutral). You were heterosexual. You were in the Gnomish Mines, on level 5. You entered the dungeon 1088 turns ago. You had 74 experience points, 6 more were needed to attain level 4. Basics: You had 0 out of 30 hit points. You had all 33 energy points (spell power). Your armor class was 7. Your wallet contained 160 zorkmids. Autopickup was on for '$' plus thrown. Final Characteristics: Your strength was 13 (limit:18). Your dexterity was 12 (limit:18). Your constitution was 13 (limit:16). Your intelligence was 16 (limit:20). Your wisdom was 11 (limit:20). Your charisma was 11 (limit:18). Final Status: You were not hungry. You were unencumbered. You were wielding a mace. You had basic skill with mace. Final Attributes: You were devoutly aligned. You had infravision. You were guarded. You were harmed by iron. You are dead. Miscellaneous: You disabled loading of bones levels. Total elapsed playing time was 7 minutes and 29 seconds. Vanquished creatures: a shrieker an iguana a coyote 3 gnomes a gecko 4 jackals 2 goblins a sewer rat 7 grid bugs 2 lichens 7 newts 30 creatures vanquished. No species were genocided or became extinct. Voluntary challenges: You were an atheist. You read items or engraved 2 times. You never genocided any monsters. You never polymorphed an object. You never changed form. You never touched an artifact. You used no wishes. You never owned a pet. You never scared an enemy with impunity. You were celibate. You never generated conflict. Achievements: You entered a shop. You attained the rank of Acolyte. You entered the Gnomish Mines. The Dungeons of Doom: levels 1 to 4 Level 1: A fountain. Level 2: A general store, a fountain, a sink. Level 3: A scroll shop, a sink. Level 4: An altar, a tree. Stairs down to The Gnomish Mines. The Gnomish Mines: Level 5: <- You were here. Final resting place for you, killed by a wand. Game over: __________ / \ / REST \ / IN \ / PEACE \ / \ | Anerag | | 160 Au | | killed by a wand | | | | | | | | 2023 | *| * * * | * _________)/\\_//(\/(/\)/\//\/|_)_______ Goodbye Anerag the Priestess... You died in The Gnomish Mines on dungeon level 5 with 640 points, and 160 pieces of gold, after 1088 moves. You were level 3 with a maximum of 30 hit points when you died.